 Dungeon Crawl Stone Soup version 0.17.2-1-ge4368a0 (webtiles) character file.

265 magog001 the Sneak (level 6, 0/39 HPs)
             Began as an Octopode Assassin on Oct 27, 2016.
             Succumbed to a worker ant's poison
             ... on level 4 of the Dungeon.
             The game lasted 00:29:48 (3473 turns).

magog001 the Sneak (Octopode Assassin)              Turns: 3473, Time: 00:29:48

Health: 0/39       AC:  1    Str: 11    XL:     6   Next: 20%
Magic:  6/6        EV: 12    Int: 14    God:
Gold:   146        SH:  0    Dex: 14    Spells: 1 memorised, 3 levels left

rFire  . . .     SeeInvis .     y - +1 lajatang (vamp)
rCold  . . .     Clarity  .     (shield currently unavailable)
rNeg   . . .     SustAt   .     (helmet restricted)
rPois  .         Gourm    .     (no amulet)
rElec  .         Spirit   .     (no ring)
rCorr  .         Warding  .     (no ring)
rMut   .         Stasis   .     (no ring)
MR     .....                    (no ring)
Stlth  +++++.....               (no ring)
                                (no ring)
                                (no ring)
                                (no ring)

@: lethally poisoned (0 -> -20), not resistant to hostile enchantments, quite
stealthy
A: almost no armour, amphibious, 8 rings, constrict 8, camouflage 1, gelatinous
body 1
a: no special abilities


You were on level 4 of the Dungeon.
You were not hungry.

You visited 1 branch of the dungeon, and saw 4 of its levels.

You collected 146 gold pieces.

Inventory:

Hand Weapons
 a - a +2 dagger
 b - a +0 blowgun
 y - a +1 vampiric lajatang (weapon)
Missiles
 d - 2 curare-tipped needles
 i - 34 arrows
 q - 7 tomahawks (quivered)
 r - 23 poisoned needles
Wands
 m - a wand of slowing (7)
Scrolls
 c - 2 scrolls of blinking {unknown}
 g - 5 scrolls of identify {unknown}
 h - 3 scrolls of teleportation {unknown}
 n - a scroll of noise {unknown}
 o - a scroll of remove curse {unknown}
 t - a scroll of fog
 w - a scroll of amnesia {unknown}
Potions
 j - a potion of heal wounds {unknown}
 k - a potion of curing {unknown}
 l - a potion of resistance {unknown}
 p - a potion of beneficial mutation {unknown}
 s - a potion of mutation {unknown}
 u - a potion of degeneration {unknown}
 v - a potion of haste {unknown}
 x - a potion of flight {unknown}
 A - 2 potions of agility
 B - a potion of ambrosia {unknown}
 C - a potion of berserk rage {unknown}
Books
 f - a book of Alchemy

   Spells                             Type                      Level
   a - Sublimation of Blood           Necromancy                   2
   b - Ignite Poison                  Fire/Transmutation/Poison    3
   c - Alistair's Intoxication        Transmutation/Poison         4
   d - Condensation Shield            Ice                          4
   e - Petrify                        Transmutation/Earth          4
   f - Irradiate                      Conjuration/Transmutation    5
Comestibles
 e - 2 bread rations
 z - a slice of pizza


   Skills:
 + Level 2.2 Fighting
 + Level 2.3 Short Blades
 + Level 0.8 Staves
 * Level 4.0 Throwing
 + Level 1.8 Dodging
 * Level 7.8 Stealth


You had 3 spell levels left.
You knew the following spells:

 Your Spells              Type           Power        Failure   Level  Hunger
a - Sublimation of Blood  Necr           #.........   43%         2    ###....


Dungeon Overview and Level Annotations

Branches:
Dungeon (4/15)
 Temple: D:4-7

Altars:
Cheibriados
Okawaru
Ru
Trog

Annotations:
D:3 Goblin1989's ghost, amateur DsMo


Innate Abilities, Weirdness & Mutations

You cannot wear most types of armour.
You are amphibious.
You can wear up to eight rings at the same time.
You can use your tentacles to constrict eight enemies at once.
Your skin changes colour to match your surroundings (Stealth).
Your rubbery body absorbs attacks (AC +1).


Message History

The worker ant bites you.
You are poisoned.
The worker ant poisons you!
You hit the centaur skeleton.
You feel sick. The worker ant bites you!
You are more poisoned.
The worker ant poisons you! The centaur skeleton barely misses you.
The worker ant bites you. The centaur skeleton hits you.
You slash the worker ant! Your grab misses the worker ant.
The worker ant is almost dead.
You feel sick. The worker ant closely misses you.
The centaur skeleton hits you.
* * * LOW HITPOINT WARNING * * *
The centaur skeleton completely misses you.
The worker ant misses you.
* * * LOW HITPOINT WARNING * * *
You feel sick. The worker ant bites you!
* * * LOW HITPOINT WARNING * * *
You are more poisoned.
The worker ant poisons you!
You die...

#. #..###.##........
#$ #...........[....
#.####+###.##....#[..
#.......##.#.#####.##
#.......##.#.....#.#
#.......##.#.###.#.#
#.Za%...##.#.# #.#
##.......##'#.# #.#
#..$.@........# #.#
###.).........# #.#
####..$........#
a........##.....#
########.##....$#
#.##.....# #.##.....#
#.##.....# ..##..!..#


You could see a worker ant and a centaur skeleton.

Vanquished Creatures
  A phantom (D:4)
  An ogre (D:3)
  2 gnolls
  3 adders (D:3)
  An ooze (D:3)
  7 orcs
  7 goblins
  7 hobgoblins
  5 kobolds
  6 bats
  3 giant cockroaches
  4 giant newts
  8 rats
55 creatures vanquished.

Notes
Turn   | Place    | Note
--------------------------------------------------------------
     0 | D:1      | magog001 the Octopode Assassin began the quest for the Orb.
     0 | D:1      | Reached XP level 1. HP: 14/14 MP: 1/1
   208 | D:1      | Reached XP level 2. HP: 19/19 MP: 2/2
   312 | D:1      | Reached skill level 6 in Stealth
   610 | D:1      | Reached XP level 3. HP: 22/24 MP: 3/3
   779 | D:2      | Found a faded altar to an unknown god.
   821 | D:2      | Learned a level 2 spell: Sublimation of Blood
   852 | D:2      | Found a snail-covered altar of Cheibriados.
  1732 | D:3      | Noticed Goblin1989's ghost (amateur DsMo)
  1850 | D:3      | Reached XP level 4. HP: 22/29 MP: 4/4
  2026 | D:3      | Noticed an ogre
  2049 | D:3      | Killed an ogre
  2049 | D:3      | Reached skill level 7 in Stealth
  2049 | D:3      | Reached XP level 5. HP: 18/34 MP: 5/5
  2834 | D:3      | Found a sacrificial altar of Ru.
  3137 | D:4      | Found a bloodstained altar of Trog.
  3138 | D:4      | Found an iron altar of Okawaru.
  3200 | D:4      | Noticed a phantom
  3239 | D:4      | Killed a phantom
  3239 | D:4      | Reached XP level 6. HP: 11/39 MP: 6/6
  3473 | D:4      | Succumbed to a worker ant's poison

Action                   |  1- 3 |  4- 6 || total
-------------------------+-------+-------++-------
Melee: Dagger            |       |     3 ||     3
       Lajatang          |       |    20 ||    20
 Fire: Blowgun           |    54 |    13 ||    67
Throw: Tomahawk          |       |     2 ||     2
Evoke: Wand              |       |     1 ||     1
  Use: Scroll            |       |     1 ||     1
 Stab: Sleeping          |    20 |     7 ||    27
       Distracted        |     1 |       ||     1
  Eat: Chunk             |     2 |       ||     2
       Bread ration      |     1 |     2 ||     3
